[Event "XXIX Cracovia 2018"]
[Site "Krakow"]
[Date "2018.12.30"]
[Round "5"]
[White "Jankowiak, Tomasz"]
[Black "Jablonska, Sabina"]
[Result "1-0"]
[ECO "C60"]
[WhiteElo "2070"]
[BlackElo "1964"]
[Annotator "NA"]
[PlyCount "47"]
[EventDate "2018.12.27"]
[EventType "swiss"]
[EventCountry "POL"]
[SourceTitle "playchess.com"]
[Source "ChessBase"]
[SourceQuality "1"]
[TimeControl "40/5400+30:1800+30"]

1. e4 e5 2. Nf3 Nc6 3. Bb5 Nge7 4. Nc3 g6 5. d4 exd4 6. Nd5 Nxd5 7. exd5 Qe7+ 8. Kf1 Ne5 9. Bf4 Bg7 10. Qxd4 f6 11. Re1 O-O 12. Nxe5 fxe5 13. Bxe5 Re8 14. f4 d6 15. Bxe8 dxe5 16. Bb5 Qf7 17. Rxe5 Bxe5 18. Qxe5 Bf5 19. Kf2 Rd8 20. Re1 a6 21. Ba4 Qf8 22. d6 h6 23. Bb3+ Kh7 24. Qe7+ 1-0

[Event "XXIX Cracovia 2018"]
[Site "Krakow"]
[Date "2018.12.30"]
[Round "5"]
[White "Budnik, Mateusz"]
[Black "Rysaev, Danial"]
[Result "1-0"]
[ECO "C06"]
[WhiteElo "2053"]
[BlackElo "1945"]
[Annotator "NA"]
[PlyCount "41"]
[EventDate "2018.12.27"]
[EventType "swiss"]
[EventCountry "POL"]
[SourceTitle "playchess.com"]
[Source "ChessBase"]
[SourceQuality "1"]
[TimeControl "40/5400+30:1800+30"]

1. e4 e6 2. d4 d5 3. Nd2 Nf6 4. e5 Nfd7 5. Bd3 c5 6. c3 Nc6 7. Ne2 cxd4 8. cxd4 f6 9. Nf4 Nxd4 10. Qh5+ Ke7 11. Ng6+ hxg6 12. exf6+ Kxf6 13. Qxh8 Nc5 14. Qh4+ Kf7 15. Bxg6+ Kxg6 16. Qxd8 Bd7 17. Qxa8 Nd3+ 18. Kf1 Bb5 19. h4 Bd6 20. g3 Bb4 21. Kg2 1-0

[Event "XXIX Cracovia 2018"]
[Site "Krakow"]
[Date "2018.12.30"]
[Round "5"]
[White "Kumor, Lukasz"]
[Black "Adamczewski, Maciej"]
[Result "1-0"]
[ECO "C13"]
[WhiteElo "2040"]
[BlackElo "2080"]
[Annotator "NA"]
[PlyCount "79"]
[EventDate "2018.12.27"]
[EventType "swiss"]
[EventCountry "POL"]
[SourceTitle "playchess.com"]
[Source "ChessBase"]
[SourceQuality "1"]
[TimeControl "40/5400+30:1800+30"]

1. e4 e6 2. d4 d5 3. Nc3 Nf6 4. Bg5 Be7 5. e5 Nfd7 6. h4 h6 7. Be3 c5 8. Qg4 Kf8 9. dxc5 Nxe5 10. Qg3 Nbd7 11. O-O-O Nc6 12. f4 Bf6 13. Nge2 Qa5 14. Qf2 b5 15. cxb6 Nxb6 16. Nd4 Nxd4 17. Bxd4 Nd7 18. Bb5 Bxd4 19. Qxd4 Nf6 20. g4 a6 21. g5 Ng8 22. Nxd5 exd5 23. Qxd5 axb5 24. Qd6+ Ke8 25. Qc6+ Kf8 26. Qd6+ Ke8 27. Rhe1+ Be6 28. f5 Rd8 29. Qc6+ Kf8 30. fxe6 Ne7 31. Qf3 Kg8 32. Qxf7+ Kh7 33. Qxe7 Rhe8 34. g6+ Kh8 35. Qa3 Rxd1+ 36. Rxd1 Qc7 37. Qd6 Qc4 38. Qd7 Rg8 39. e7 Qe4 40. h5 1-0

[Event "XXIX Cracovia 2018"]
[Site "Krakow"]
[Date "2018.12.30"]
[Round "5"]
[White "Kvaratskhelia, Dimitri"]
[Black "Zelak, Wladyslaw"]
[Result "1-0"]
[ECO "D05"]
[WhiteElo "1996"]
[BlackElo "1833"]
[Annotator "NA"]
[PlyCount "60"]
[EventDate "2018.12.27"]
[EventType "swiss"]
[EventCountry "POL"]
[SourceTitle "playchess.com"]
[Source "ChessBase"]
[SourceQuality "1"]
[TimeControl "40/5400+30:1800+30"]

1. d4 Nf6 2. Nf3 d5 3. e3 e6 4. Bd3 Be7 5. O-O O-O 6. Nbd2 c5 7. b3 Nc6 8. Bb2 b6 9. a3 h6 10. c4 Rb8 11. Ne5 Qc7 12. Nxc6 Qxc6 13. Nf3 Nd7 14. cxd5 exd5 15. Rc1 Bb7 16. Qe2 Qe6 17. Bb1 Rfc8 18. Qd3 g6 19. Ne5 Nxe5 20. dxe5 c4 21. Qc3 Rd8 22. b4 a5 23. Qd2 axb4 24. axb4 d4 25. Bxd4 Bxg2 26. f4 Bxf1 27. Rxf1 Rbc8 28. Qg2 Kh8 29. Kh1 Rg8 30. Be4 Rcd8 1-0

[Event "XXIX Cracovia 2018"]
[Site "Krakow"]
[Date "2018.12.30"]
[Round "5"]
[White "Warchol, Bartosz"]
[Black "Patsia, Zviad"]
[Result "0-1"]
[ECO "D20"]
[WhiteElo "1975"]
[BlackElo "2058"]
[Annotator "NA"]
[PlyCount "82"]
[EventDate "2018.12.27"]
[EventType "swiss"]
[EventCountry "POL"]
[SourceTitle "playchess.com"]
[Source "ChessBase"]
[SourceQuality "1"]
[TimeControl "40/5400+30:1800+30"]

1. d4 d5 2. c4 dxc4 3. e3 e5 4. Bxc4 exd4 5. Qb3 Qe7 6. Nf3 Qb4+ 7. Nbd2 Qxb3 8. Nxb3 Bb4+ 9. Ke2 dxe3 10. Bxe3 Nf6 11. Rhd1 O-O 12. Nbd4 c6 13. a3 Be7 14. h3 a6 15. a4 a5 16. Nb3 Bf5 17. Nh4 Be4 18. f3 Bd5 19. Rac1 Nbd7 20. Nf5 Bb4 21. Bf4 Nb6 22. Bxd5 Nfxd5 23. Bd6 Rfe8+ 24. Kf2 Nxa4 25. Bxb4 Nxb4 26. Rb1 b6 27. Rd6 g6 28. Nfd4 Rad8 29. Rxd8 Rxd8 30. Ke2 c5 31. Nb5 Nd3 32. Nd2 Naxb2 33. Ne4 Nc4 34. g3 Nde5 35. f4 Nc6 36. Rc1 Nd4+ 37. Nxd4 Rxd4 38. Nc3 Nd6 39. Rb1 Ne4 40. Na2 Nxg3+ 41. Kf3 Rd3+ 0-1

[Event "XXIX Cracovia 2018"]
[Site "Krakow"]
[Date "2018.12.30"]
[Round "5"]
[White "Jankowiak, Piotr"]
[Black "Andronescu, Madalin"]
[Result "0-1"]
[ECO "B54"]
[WhiteElo "1952"]
[BlackElo "2070"]
[Annotator "NA"]
[PlyCount "110"]
[EventDate "2018.12.27"]
[EventType "swiss"]
[EventCountry "POL"]
[SourceTitle "playchess.com"]
[Source "ChessBase"]
[SourceQuality "1"]
[TimeControl "40/5400+30:1800+30"]

1. e4 c5 2. Nf3 d6 3. d4 cxd4 4. Nxd4 Nf6 5. f3 Nc6 6. c4 g6 7. Nc3 Bg7 8. Be3 O-O 9. Qd2 Be6 10. Be2 Rc8 11. b3 a6 12. Rc1 Nd7 13. Nxe6 fxe6 14. O-O e5 15. Nd5 Nd4 16. b4 e6 17. Nc3 Qb6 18. Kh1 Qxb4 19. Rb1 Qa5 20. Rxb7 Nc5 21. Rb2 Nxe2 22. Nxe2 Qxd2 23. Rxd2 Nb7 24. Rc1 Rc6 25. Rdc2 Rfc8 26. Rc3 Na5 27. c5 d5 28. Rd3 d4 29. Bd2 Rxc5 30. Rxc5 Rxc5 31. f4 Nc4 32. Bb4 Rb5 33. Rb3 a5 34. Be1 Rxb3 35. axb3 Nd6 36. fxe5 Bxe5 37. Nc1 Nxe4 38. Bxa5 Nc5 39. b4 Nb7 40. Bb6 Kf7 41. Nd3 Bf6 42. g3 e5 43. Kg2 Ke6 44. Kf3 Kd5 45. Nf2 Nd6 46. Bc7 e4+ 47. Ke2 Nb5 48. Bf4 Be7 49. Ng4 Nc3+ 50. Kd2 Bxb4 51. Nf6+ Kc4 52. Nxh7 Nd5+ 53. Kd1 Kd3 54. Ng5 Nxf4 55. gxf4 e3 0-1

[Event "XXIX Cracovia 2018"]
[Site "Krakow"]
[Date "2018.12.31"]
[Round "6"]
[White "Grib, Roman"]
[Black "Zylka, Stanislaw"]
[Result "1-0"]
[ECO "B19"]
[WhiteElo "2412"]
[BlackElo "2305"]
[Annotator "ChessBase"]
[PlyCount "65"]
[EventDate "2018.12.27"]
[EventType "swiss"]
[EventCountry "POL"]
[SourceTitle "playchess.com"]
[Source "ChessBase"]
[SourceQuality "1"]
[TimeControl "40/5400+30:1800+30"]

1. e4 c6 2. d4 d5 3. Nc3 dxe4 4. Nxe4 Bf5 5. Ng3 Bg6 6. Nf3 Nd7 7. h4 h6 8. h5 Bh7 9. Bd3 Bxd3 10. Qxd3 e6 11. Bd2 Ngf6 12. O-O-O Be7 13. Qe2 Qc7 14. Kb1 O-O-O 15. Ne5 Nxe5 16. dxe5 Nd7 17. f4 c5 18. Ne4 Qc6 19. Ba5 Nb6 20. c4 Rd4 21. Rxd4 cxd4 22. Rd1 f5 23. Nd6+ Bxd6 24. exd6 Qxd6 25. c5 Qd5 26. cxb6 Qxa5 27. bxa7 Qxa7 28. Qxe6+ Kb8 29. Qe5+ Ka8 30. Rd3 Rd8 31. Ra3 d3 32. Rxa7+ Kxa7 33. Qa5+ 1-0

[Event "XXIX Cracovia 2018"]
[Site "Krakow"]
[Date "2018.12.31"]
[Round "6"]
[White "Lewtak, Damian"]
[Black "Roshka, Yevgeniy"]
[Result "1/2-1/2"]
[ECO "B09"]
[WhiteElo "2393"]
[BlackElo "2293"]
[Annotator "NA"]
[PlyCount "94"]
[EventDate "2018.12.27"]
[EventType "swiss"]
[EventCountry "POL"]
[SourceTitle "playchess.com"]
[Source "ChessBase"]
[SourceQuality "1"]
[TimeControl "40/5400+30:1800+30"]

1. d4 d6 2. e4 g6 3. Nc3 Bg7 4. f4 Nf6 5. Nf3 O-O 6. e5 dxe5 7. dxe5 Qxd1+ 8. Kxd1 Ng4 9. Ke1 c6 10. h3 Nh6 {[%emt 0:00:03] LiveBook: 6 Games} 11. g4 f6 12. Bc4+ Kh8 13. e6 {[%emt 0:08:25] B09: Pirc Defence: Austrian Attack} (13. Be3 fxe5 14. Nxe5 Nd7 15. Rd1 Nxe5 16. fxe5 b5 17. Bb3 a5 18. a4 Ba6 19. Rd7 Nf7 20. e6 Ne5 21. Rxe7 {0-1 (54) Collins,S (2401)-Movsziszian,K (2530) San Sebastian 2010}) 13... Na6 $146 ({Predecessor:} 13... b5 14. Bb3 Na6 15. Be3 Nc7 16. Nd4 a6 17. Ne4 f5 18. Nc5 fxg4 19. Ke2 gxh3 20. Rag1 Nf5 21. Nxf5 Rxf5 22. Rxh3 {1-0 (31) Markeluk,S (2355)-Rios,A Vicente Lopez 1993}) 14. Bxa6 bxa6 15. f5 gxf5 16. Bxh6 Bxh6 17. gxf5 c5 18. Kf2 Bb7 19. Rad1 Rfd8 20. Rd3 (20. Rxd8+ $11 Rxd8 21. Rg1) 20... Rxd3 21. cxd3 Rd8 22. Rd1 Bf4 $15 23. d4 cxd4 24. Rxd4 Rxd4 25. Nxd4 Kg7 26. Nb3 Be5 27. Na5 Ba8 28. Nc4 Bxc3 29. bxc3 Bd5 30. Nd2 Bxa2 31. c4 a5 32. Ke3 a4 33. Kd4 a3 34. Kc3 Kf8 35. Nb3 Bxb3 36. Kxb3 Ke8 37. Kxa3 Kd8 38. Kb4 Kc7 39. Kb5 Kb7 40. h4 a6+ 41. Ka5 Ka7 42. h5 Kb7 43. c5 h6 44. c6+ Kxc6 45. Kxa6 Kc7 46. Ka7 Kc8 47. Kb6 Kb8 1/2-1/2

[Event "XXIX Cracovia 2018"]
[Site "Krakow"]
[Date "2018.12.31"]
[Round "6"]
[White "Galperin, Platon"]
[Black "Lee, Qing Aun"]
[Result "1-0"]
[ECO "A17"]
[WhiteElo "2363"]
[BlackElo "2297"]
[Annotator "NA"]
[PlyCount "87"]
[EventDate "2018.12.27"]
[EventType "swiss"]
[EventCountry "POL"]
[SourceTitle "playchess.com"]
[Source "ChessBase"]
[SourceQuality "1"]
[TimeControl "40/5400+30:1800+30"]

1. c4 Nf6 2. Nc3 e6 3. Nf3 d5 4. e3 Be7 5. b3 O-O 6. Bb2 c5 7. cxd5 exd5 8. d4 Nc6 9. Be2 Bf5 10. O-O {[%emt 0:01:05] LiveBook: 3 Games} a6 {[%emt 0:00:54] D32: Tarrasch Defence: Sidelines and lines without g3} (10... Rc8 11. dxc5 Bxc5 12. Nb5 Ne4 13. Rc1 Re8 14. Nbd4 Bd7 15. a3 a6 16. b4 Bxd4 17. Nxd4 Ne5 18. Nf3 Nxf3+ 19. Bxf3 Rxc1 20. Qxc1 {½-½ (90) Williams,S (2457)-Pranav,A (2269) Douglas 2018}) 11. Rc1 b6 $146 ({Predecessor:} 11... cxd4 12. Nxd4 Bg6 13. Nxc6 bxc6 14. Na4 Qd6 15. Bd4 Nd7 16. Nc5 a5 17. Qd2 Nf6 18. Qc3 {1-0 (60) Roos,E (1722)-Loesch,T (1976) Reil an der Mosel 2016}) 12. dxc5 bxc5 13. Na4 Ne4 14. Nd2 Bd6 15. Nxe4 dxe4 16. Nxc5 Qe7 17. Qd5 $18 ({Resist} 17. Nxa6 $6 Ne5 $16) 17... Bg6 18. Qxc6 Rfc8 19. Qb7 Bxc5 20. Bxa6 Rcb8 21. Qxe7 Bxe7 22. Rc6 f5 23. Be5 Rd8 24. Bc4+ Bf7 25. a4 Bxc4 26. Rxc4 Rd3 27. Rb1 Rad8 28. g4 g6 29. b4 Kf7 30. b5 Ke6 31. Bc7 Rd1+ 32. Rxd1 Rxd1+ 33. Kg2 Rb1 34. b6 Rb2 35. a5 Bh4 36. Bg3 Bd8 37. gxf5+ gxf5 38. Bc7 Bh4 39. a6 Bxf2 40. Rb4 Ra2 41. Ra4 Rxa4 42. Kxf2 Kd7 43. Be5 Rxa6 44. b7 1-0

[Event "XXIX Cracovia 2018"]
[Site "Krakow"]
[Date "2018.12.31"]
[Round "6"]
[White "Lewicki, Miroslaw"]
[Black "Marczuk, Dominik"]
[Result "0-1"]
[ECO "B19"]
[WhiteElo "2347"]
[BlackElo "2274"]
[Annotator "NA"]
[PlyCount "80"]
[EventDate "2018.12.27"]
[EventType "swiss"]
[EventCountry "POL"]
[SourceTitle "playchess.com"]
[Source "ChessBase"]
[SourceQuality "1"]
[TimeControl "40/5400+30:1800+30"]

1. e4 c6 2. d4 d5 3. Nd2 dxe4 4. Nxe4 Bf5 5. Ng3 Bg6 6. Nf3 Nd7 7. h4 h6 8. h5 Bh7 9. Bd3 Bxd3 10. Qxd3 e6 11. Bd2 Ngf6 12. O-O-O Be7 13. Kb1 O-O 14. Qe2 c5 15. Bc1 Qb6 {[%emt 0:08:22] LiveBook: 4 Games} 16. d5 exd5 17. Nf5 {[%emt 0:00:06] [#]} (17. Qxe7 $2 Rae8 $17) 17... Bd6 (17... Bd8 $1 $17 18. Rhe1 Ne4) 18. g4 (18. Bxh6 $5 Rfe8 19. Be3 $11) 18... Rfe8 19. Qf1 $11 Ne4 20. Ka1 d4 21. Bxh6 gxh6 22. Nxh6+ Kf8 23. Qc4 Re6 24. Nf5 Qa6 25. h6 Kg8 26. h7+ Kh8 27. Qxa6 bxa6 28. Rde1 Bf4 29. Re2 Rae8 30. b4 Ng5 31. Rxe6 Rxe6 32. Ne1 Bd2 33. Nd3 c4 34. Nb2 Bc3 35. Kb1 Nb6 36. a3 Nxh7 37. f4 Re4 38. Rf1 Bxb2 39. Kxb2 Kg8 40. g5 Nd5 0-1

[Event "XXIX Cracovia 2018"]
[Site "Krakow"]
[Date "2018.12.31"]
[Round "6"]
[White "Szpar, Milosz"]
[Black "Goluch, Piotr"]
[Result "1/2-1/2"]
[ECO "B18"]
[WhiteElo "2339"]
[BlackElo "2273"]
[Annotator "NA"]
[PlyCount "125"]
[EventDate "2018.12.27"]
[EventType "swiss"]
[EventCountry "POL"]
[SourceTitle "playchess.com"]
[Source "ChessBase"]
[SourceQuality "1"]
[TimeControl "40/5400+30:1800+30"]

1. e4 c6 2. d4 d5 3. Nd2 dxe4 4. Nxe4 Bf5 5. Ng3 Bg6 {[%emt 0:00:07] LiveBook: 12464 Games} 6. h4 h6 7. Nf3 e6 8. h5 Bh7 9. Bd3 Bxd3 10. Qxd3 Nf6 11. Bd2 c5 12. Ne4 {[%emt 0:00:30] B19: Classical Caro-Kann: 4...Bf5 main line} Nc6 13. Bc3 cxd4 14. Nxd4 {[%emt 0:01:33] [#]} Nd5 $146 ({Predecessor:} 14... Nb4 15. Nxf6+ gxf6 16. Bxb4 Bxb4+ 17. c3 Be7 18. O-O-O Qb6 19. Qb5+ Kf8 {1-0 (55) Wei,Y (2727)-Wang,H (2690) China 2017}) 15. O-O-O Qb6 16. Qc4 $14 Nxc3 17. Nxc3 Qb4 18. Qxb4 Bxb4 19. Ne4 Rc8 20. Rh3 Nxd4 21. Rxd4 Be7 22. Rhd3 Rc7 23. g4 O-O 24. Rd7 Rfc8 25. c3 Kf8 26. Kd2 Ke8 27. Rxc7 Rxc7 28. Ke3 g6 29. hxg6 fxg6 30. Kf4 Bf8 31. a4 Rf7+ 32. Kg3 Be7 33. f4 h5 34. gxh5 gxh5 35. Rd1 Rf5 36. Re1 Kf7 37. c4 e5 38. fxe5 Ke6 39. Nc3 Bb4 40. Re3 Rxe5 41. Ne4 Kf5 42. Kf3 h4 43. b3 a5 44. Re2 b6 45. Re3 Re6 46. Re2 Rg6 47. Ke3 h3 48. Kf3 Bd6 49. c5 bxc5 50. Nxd6+ Rxd6 51. Rc2 Rd3+ 52. Kf2 Rd5 53. Kg3 Ke4 54. Rc4+ Ke5 55. Rc3 Ke4 56. Rc4+ Ke5 57. Rc3 Kd6 58. Kxh3 Rg5 59. Rd3+ Kc6 60. Rd8 Rg1 61. Rb8 Kd5 62. Rb5 Rb1 63. Kg2 1/2-1/2

[Event "XXIX Cracovia 2018"]
[Site "Krakow"]
[Date "2018.12.31"]
[Round "6"]
[White "Heinzel, Olaf"]
[Black "Chylewski, Patryk"]
[Result "1/2-1/2"]
[ECO "D00"]
[WhiteElo "2326"]
[BlackElo "2268"]
[Annotator "NA"]
[PlyCount "41"]
[EventDate "2018.12.27"]
[EventType "swiss"]
[EventCountry "POL"]
[SourceTitle "playchess.com"]
[Source "ChessBase"]
[SourceQuality "1"]
[TimeControl "40/5400+30:1800+30"]

1. d4 d5 2. Bf4 Nf6 3. e3 e6 4. Nd2 c5 5. c3 Nc6 {[%emt 0:00:06] LiveBook: 653 Games} 6. Ngf3 cxd4 7. exd4 {[%emt 0:00:15] D02: 1 d4 d5 2 Nf3 sidelines, including 2...Nf6 3 g3 and 2...Nf6 3 Bf4} Nh5 8. Be3 Bd6 9. Ne5 (9. Bd3 Nf4 10. Bxf4 Bxf4 11. g3 Bd6 12. O-O O-O 13. Re1 Bd7 14. h4 h6 {1-0 (44) Caruana,F (2822)-Aronian,L (2767) chess.com INT 2018}) 9... g6 10. f4 O-O $146 ({Predecessor:} 10... Ng7 11. Bd3 f6 12. Nef3 Nf5 13. Qe2 Qc7 14. g3 Bd7 {1-0 (45) Duda,J (2717)-Bosiocic,M (2624) Katowice 2017}) 11. Be2 Ng7 12. O-O Qc7 13. Ndf3 Na5 14. b4 Nc6 15. Qd2 f6 16. Nd3 b6 17. a4 Bb7 18. Rfe1 $11 Rac8 19. Rac1 Qd7 20. Qa2 Kh8 21. Bf1 1/2-1/2

[Event "XXIX Cracovia 2018"]
[Site "Krakow"]
[Date "2018.12.31"]
[Round "6"]
[White "Naboka, Sergey"]
[Black "Gombocz, Ferenc Jr."]
[Result "1/2-1/2"]
[ECO "C60"]
[WhiteElo "2324"]
[BlackElo "2263"]
[Annotator "NA"]
[PlyCount "196"]
[EventDate "2018.12.27"]
[EventType "swiss"]
[EventCountry "POL"]
[SourceTitle "playchess.com"]
[Source "ChessBase"]
[SourceQuality "1"]
[TimeControl "40/5400+30:1800+30"]

1. e4 e5 2. Nf3 Nc6 3. Bb5 g6 4. d4 exd4 5. Bg5 Be7 6. Bxe7 Qxe7 7. Bxc6 dxc6 8. Qxd4 Nf6 9. Nc3 Bg4 {C60: Ruy Lopez: Unusual Black 3rd moves and 3...g6} 10. Nd2 (10. O-O-O Bxf3 11. gxf3 a5 12. Qe3 Nd7 13. Ne2 O-O-O 14. Qa7 Qc5 15. Qxc5 Nxc5 16. h4 Ne6 17. h5 Rxd1+ 18. Kxd1 {½-½ (50) Kobalia,M (2620)-Paravyan,D (2629) Sochi 2018}) 10... c5 11. Qe3 Bd7 12. O-O $146 ({Predecessor:} 12. f3 Bc6 13. O-O O-O-O 14. Rad1 Kb8 15. Rfe1 Rhe8 16. Qg5 b6 17. Nf1 {1-0 (53) Priasmoro,N (2282)-Cherednichenko,E (2182) Pardubice 2014}) 12... O-O 13. f4 Rad8 14. Nf3 Rfe8 15. Rae1 b5 16. Ne5 b4 17. Ne2 Bb5 18. Rf3 Nd7 19. Nxd7 Rxd7 20. Ng3 {[#]} Qd6 $2 (20... f5 $1 $11 ) 21. e5 Qd2 22. Ne4 {Double Attack} Qxe3+ 23. Rfxe3 Kf8 24. Nf6 Rd2 25. Nxe8 $18 Kxe8 26. a4 Bxa4 27. R3e2 Rxc2 28. Rxc2 Bxc2 29. Ra1 c4 30. Rxa7 c3 31. bxc3 b3 32. Rb7 Kd7 33. c4 Kc6 34. Rb5 Bd3 35. Rxb3 Bxc4 36. Rb8 Kd5 37. Kf2 Ke4 38. g3 Be6 39. Ke2 c5 40. Rb7 h5 41. Ra7 c4 42. Ra3 Kf5 43. Kf3 Bd5+ 44. Ke3 Kg4 45. Kd4 Be6 46. Ke4 Bf5+ 47. Kd4 Be6 48. Ke3 Bd5 49. Ra5 Be6 50. Kf2 Kh3 51. Kg1 h4 52. Ra3 Kg4 53. Kf2 Bd5 54. Ke3 hxg3 55. hxg3 Be6 56. Ke4 Bf5+ 57. Kd4 Be6 58. Re3 Kh3 59. Kc5 Kg4 60. Kd6 Kh3 61. Ke7 Bd5 62. Kd6 Be6 63. Kc5 Kg4 64. Kd4 Kh3 65. Kc3 Kg4 66. Kd2 Bf5 67. Ke1 Be6 68. Kf2 Bd5 69. Ra3 Kf5 70. Ke3 Kg4 71. Ra5 Be6 72. Kf2 g5 73. Ke3 Kxg3 74. fxg5 Kg4 75. g6 fxg6 76. Ke4 c3 77. Ra1 c2 78. Rg1+ Kh3 79. Kf4 Kh4 80. Rh1+ Bh3 81. Ke3 Kg5 82. Kd2 Be6 83. Rf1 Bf5 84. Re1 Be6 85. Kxc2 Kf4 86. Kd3 g5 87. Kd4 g4 88. Rf1+ Kg5 89. Rf6 g3 90. Ke3 Bd5 91. Rd6 Ba8 92. Rd8 Bc6 93. Rf8 Bd5 94. Ke2 Kg6 95. Ke3 Kg5 96. Rd8 Bc6 97. Rg8+ Kf5 98. Rxg3 Kxe5 {Ke4+} 1/2-1/2

[Event "XXIX Cracovia 2018"]
[Site "Krakow"]
[Date "2018.12.31"]
[Round "6"]
[White "Grela, Kacper"]
[Black "Cukrowski, Filip"]
[Result "1/2-1/2"]
[ECO "E12"]
[WhiteElo "2305"]
[BlackElo "2416"]
[Annotator "NA"]
[PlyCount "41"]
[EventDate "2018.12.27"]
[EventType "swiss"]
[EventCountry "POL"]
[SourceTitle "playchess.com"]
[Source "ChessBase"]
[SourceQuality "1"]
[TimeControl "40/5400+30:1800+30"]

1. d4 Nf6 2. c4 e6 3. Nf3 b6 4. Bf4 d5 {[%emt 0:05:03] E12: Queen's Indian: Unusual White 4th moves, 4 a3, 4 Nc3 Bb7 5 a3 and 4 Nc3 Bb7} 5. e3 Bd6 6. Bxd6 Qxd6 7. Nc3 O-O 8. Bd3 (8. Rc1 a6 9. cxd5 exd5 10. Bd3 c5 11. dxc5 bxc5 12. O-O Bb7 13. Qb3 Bc6 {1-0 (72) Fedoseev,V (2718)-Akobian,V (2647) Riadh 2017}) 8... Ba6 9. cxd5 exd5 10. O-O Bxd3 11. Qxd3 c6 $146 ({Predecessor:} 11... a6 12. Rac1 Re8 13. Rfd1 Nbd7 14. h3 {0-1 (47) Casser,A-Bunyan,H IECG email 1999}) 12. Rab1 Nbd7 13. b4 Rac8 14. Rfd1 Rfe8 15. b5 c5 16. dxc5 Nxc5 17. Qd4 Nce4 18. Nxe4 (18. Nxd5 $2 Nxd5 19. Qxd5 Qxd5 $17) 18... Nxe4 19. Rbc1 Qa3 20. Rxc8 Rxc8 $11 21. Qxd5 1/2-1/2

[Event "XXIX Cracovia 2018"]
[Site "Krakow"]
[Date "2018.12.31"]
[Round "6"]
[White "Nowicki, Bartosz"]
[Black "Gumularz, Szymon"]
[Result "0-1"]
[ECO "B36"]
[WhiteElo "2305"]
[BlackElo "2462"]
[Annotator "RC"]
[PlyCount "66"]
[EventDate "2018.12.27"]
[EventType "swiss"]
[EventCountry "POL"]
[SourceTitle "playchess.com"]
[Source "ChessBase"]
[SourceQuality "1"]
[TimeControl "40/5400+30:1800+30"]

1. e4 c5 2. Nf3 Nc6 3. d4 cxd4 4. Nxd4 g6 5. c4 Nf6 6. Nc3 d6 7. Be2 Bg7 8. Be3 O-O 9. O-O Bd7 10. Qd2 Nxd4 11. Bxd4 Bc6 12. Bd3 a5 13. Rae1 a4 14. f4 e5 15. Be3 exf4 16. Rxf4 Nd7 17. Nd5 Bxd5 18. exd5 Re8 19. Qf2 Bh6 20. Re4 Rxe4 21. Bxe4 Bxe3 22. Rxe3 Ne5 23. Rc3 Qa5 24. c5 Qb4 25. Bf3 dxc5 26. Qxc5 Qxb2 27. d6 Re8 28. h3 Qd2 29. Bd5 b6 30. Qb5 Kg7 31. Rc7 Nf3+ 32. Bxf3 Re1+ 33. Kh2 Qxd6+ 0-1

[Event "XXIX Cracovia 2018"]
[Site "Krakow"]
[Date "2018.12.31"]
[Round "6"]
[White "Dzierzak, Radoslaw"]
[Black "Licznerski, Lukasz"]
[Result "1/2-1/2"]
[ECO "C48"]
[WhiteElo "2283"]
[BlackElo "2326"]
[Annotator "NA"]
[PlyCount "107"]
[EventDate "2018.12.27"]
[EventType "swiss"]
[EventCountry "POL"]
[SourceTitle "playchess.com"]
[Source "ChessBase"]
[SourceQuality "1"]
[TimeControl "40/5400+30:1800+30"]

1. e4 e5 2. Nf3 Nc6 3. Bb5 Nf6 4. Nc3 Nd4 5. Bc4 c6 {[%emt 0:00:53] C48: Four Knights: 4 Bb5, replies other than 4...Bb4} (5... Bc5 6. d3 d6 7. Na4 b5 8. Nxd4 bxc4 9. Nf5 Bxf5 10. exf5 cxd3 11. Nxc5 dxc5 12. cxd3 Qd7 13. Qf3 O-O 14. Bg5 Rab8 {½-½ (30) Kovalev,V (2664)-Ragger,M (2686) Batumi 2018}) 6. Nxe5 d5 7. exd5 Bd6 8. Nf3 Nxf3+ 9. Qxf3 O-O 10. h3 {[%emt 0:03:56] LiveBook: 6 Games} b5 11. Be2 b4 12. Nd1 ({Reject} 12. dxc6 bxc3 13. dxc3 (13. c7 Qxc7 14. Qxa8 Ba6 $19) 13... Re8 $17) 12... cxd5 13. d4 $146 ({Predecessor:} 13. O-O) 13... Qc7 14. Bd3 Re8+ 15. Be3 Qb6 16. O-O $11 Bb8 17. Bf4 Qxd4 18. Bxb8 Rxb8 19. Ne3 Qxb2 20. Nxd5 Nxd5 21. Qxd5 Be6 22. Qc5 Qa3 23. f4 Rec8 24. Qd4 Rd8 25. Qf2 Bd5 26. Qh4 h6 27. Qh5 Qc3 28. Qf5 g6 29. Qg4 Bc4 30. f5 Bxd3 31. cxd3 g5 32. f6 Qd4+ 33. Qxd4 Rxd4 34. Rac1 Rxd3 35. Rc7 Ra3 36. Rf2 Rf8 37. h4 Kh7 38. hxg5 hxg5 39. Rc5 Kg6 40. Rff5 Rb8 41. Rxg5+ Kxf6 42. Rgf5+ Kg6 43. Rg5+ Kf6 44. Rgf5+ Kg7 45. Ra5 Rxa5 46. Rxa5 Rb7 47. Ra6 Kf8 48. Kf2 Ke7 49. Ke3 b3 50. axb3 Rxb3+ 51. Ke4 Rb7 52. Ke5 Kd7 53. g4 Ke7 54. Ke4 1/2-1/2

[Event "XXIX Cracovia 2018"]
[Site "Krakow"]
[Date "2018.12.31"]
[Round "6"]
[White "Czerw, Dawid"]
[Black "Mosesov, Danylo"]
[Result "0-1"]
[ECO "E04"]
[WhiteElo "2275"]
[BlackElo "2343"]
[Annotator "NA"]
[PlyCount "52"]
[EventDate "2018.12.27"]
[EventType "swiss"]
[EventCountry "POL"]
[SourceTitle "playchess.com"]
[Source "ChessBase"]
[SourceQuality "1"]
[TimeControl "40/5400+30:1800+30"]

1. d4 Nf6 2. c4 e6 3. g3 d5 4. Bg2 dxc4 5. Nf3 b5 6. a4 c6 7. O-O Bb7 8. b3 cxb3 9. Qxb3 a6 10. Ne5 Qxd4 11. Bb2 Qb6 12. Rc1 Bc5 13. Nd3 Be7 14. a5 (14. Ba3 $11 {remains equal.}) 14... Qd8 15. Ne5 $17 (15. Nc3 $15) 15... Qc7 16. Na3 O-O 17. g4 c5 18. g5 Bxg2 19. Kxg2 Nd5 20. e4 Nf4+ 21. Kh1 Bxg5 22. Qg3 f6 23. Nd3 c4 24. Nxc4 bxc4 25. Ra4 Qd7 26. Nc5 Qd2 0-1

[Event "XXIX Cracovia 2018"]
[Site "Krakow"]
[Date "2018.12.31"]
[Round "6"]
[White "Piotrowski, Przemyslaw"]
[Black "Molenda, Marcin"]
[Result "1/2-1/2"]
[ECO "D02"]
[WhiteElo "2269"]
[BlackElo "2383"]
[Annotator "NA"]
[PlyCount "122"]
[EventDate "2018.12.27"]
[EventType "swiss"]
[EventCountry "POL"]
[SourceTitle "playchess.com"]
[Source "ChessBase"]
[SourceQuality "1"]
[TimeControl "40/5400+30:1800+30"]

1. d4 d5 2. Nf3 Nf6 3. g3 c6 4. Bg2 Bf5 5. O-O e6 6. c4 Nbd7 {[%emt 0:00:24] LiveBook: 374 Games} 7. Nc3 h6 8. Ne5 {[%emt 0:12:33] D11: Slav Defence: 3 Nf3 sidelines and 3...Nf6 4 e3 Bg4} (8. Bf4 a6 9. c5 Be7 10. b4 Ne4 11. Qb3 O-O 12. Nd2 Nxd2 13. Bxd2 Bf6 14. e3 e5 15. dxe5 Nxe5 {0-1 (30) Ponkratov,P (2628)-Antipov,M (2593) Sochi 2018}) 8... Nxe5 9. dxe5 Ng4 10. cxd5 exd5 11. e4 $146 ({Predecessor:} 11. Qa4) 11... dxe4 12. Nxe4 Qxd1 13. Rxd1 Bxe4 14. Bxe4 Bc5 15. Rf1 O-O 16. Bf4 Bd4 17. h3 Nxe5 18. Rad1 Rad8 19. Bxe5 Bxe5 20. b3 Bd4 21. Rfe1 Rd6 $15 22. Kg2 Rfd8 23. Re2 Kf8 24. h4 h5 25. Rc2 g6 26. Bf3 Kg7 27. Rdd2 Kh6 28. Re2 Bf6 29. Re4 Kg7 30. Re1 Kf8 31. Re4 Rd2 32. Rxd2 Rxd2 33. Re2 Rd3 34. Be4 Rd1 35. Bf3 Rc1 36. Rd2 Ke7 37. Be2 b5 38. Bd3 a6 39. Rc2 Rxc2 40. Bxc2 Bc3 41. Kf3 f5 42. Ke3 Ke6 43. Bd1 Ke5 44. Bf3 Bd4+ 45. Ke2 Kd6 46. Bg2 Kc5 47. f4 Bc3 48. Bf3 a5 49. Kd1 Bd4 50. Ke2 a4 51. Bg2 a3 52. Bf3 Kd6 53. Kf1 c5 54. Be2 Kc6 55. Bf3+ Kb6 56. Ke1 Ka5 57. Bd5 c4 58. bxc4 b4 59. c5 Bxc5 60. Bf7 Kb5 61. Kd1 Bf2 1/2-1/2